 Dungeon Crawl Stone Soup version 0.21-a0-529-g8c7b3f5 (webtiles) character file.

406 slep the Chopper (level 6, -3/32 HPs)
             Began as a Vine Stalker Gladiator on Dec 10, 2017.
             Slain by Edmund
             ... wielding a +1 dire flail of draining
              (5 damage)
             ... on level 4 of the Dungeon.
             The game lasted 00:08:31 (2397 turns).

slep the Chopper (Vine Stalker Gladiator)           Turns: 2397, Time: 00:08:31

Health: -3/32      AC:  6    Str: 17    XL:     6   Next: 87%
Magic:  0/7        EV: 11    Int:  8    God:
Gold:   196        SH:  0    Dex: 13    Spells: 5/5 levels left

rFire    . . .     SeeInvis .   a - +0 war axe
rCold    . . .     Gourm    .   (no shield)
rNeg     . . .     Faith    .   b - +0 leather armour
rPois    .         Spirit   +   c - +0 helmet
rElec    .         Reflect  .   (no cloak)
rCorr    .         Harm     .   s - +0 pair of gloves
MR       .....                  (no boots)
Stlth    +.........             (no amulet)
HPRegen  0.50/turn              m - -4 ring of dexterity (curse)
MPRegen  0.10/turn              q - +1 ring of protection

@: starving, heavily drained
A: fangs 2, regeneration 1, magic shield, antimagic bite, no potion heal 3, rot
immunity
a: no special abilities


You were on level 4 of the Dungeon.
You were starving.

You visited 1 branch of the dungeon, and saw 4 of its levels.

You collected 196 gold pieces.

Inventory:

Hand Weapons
 a - a +0 war axe (weapon)
 x - a +1 hunting sling of flaming
Missiles
 d - 3 throwing nets (quivered)
 j - 2 tomahawks
Armour
 b - a +0 leather armour (worn)
 c - a +0 helmet (worn)
 s - a +0 pair of gloves (worn)
 u - a +0 hat
Jewellery
 m - a cursed -4 ring of dexterity (left hand)
 q - a +1 ring of protection (right hand)
Scrolls
 e - a scroll of enchant weapon {unknown}
 h - 4 scrolls of identify {unknown}
 k - a scroll of blinking {unknown}
 l - 2 scrolls of immolation {unknown}
 n - 2 scrolls of remove curse {unknown}
 o - a scroll of fear {unknown}
 p - a scroll of teleportation {unknown}
 r - a scroll of enchant armour {unknown}
 t - a scroll of random uselessness {unknown}
 A - a scroll of amnesia {unknown}
Potions
 g - a potion of cancellation {unknown}
 v - a potion of flight {unknown}
 w - 2 potions of curing {unknown}
Books
 y - a book of Air

   Spells                             Type                      Level
   a - Shock                          Conjuration/Air              1
   b - Swiftness                      Charms/Air                   2
   c - Static Discharge               Conjuration/Air              3
   d - Airstrike                      Air                          4
   e - Lightning Bolt                 Conjuration/Air              5
Comestibles
 f - 2 bread rations
 i - 3 royal jellies
 z - a meat ration


   Skills:
 + Level 2.9(0.3) Fighting
 + Level 4.7(1.9) Axes
 + Level 1.8(0.0) Throwing
 + Level 2.4(0.0) Armour
 + Level 3.5(0.8) Dodging
 + Level 0.8(0.0) Stealth


You had 5 spell levels left.
You didn't know any spells.

Dungeon Overview and Level Annotations

Branches:
Dungeon (4/15)
 Temple: D:4-7

Altars:
Ashenzari
Hepliaklqana
Wu Jian
Xom
Zin

Annotations:
D:4 Edmund


Innate Abilities, Weirdness & Mutations

You have extremely sharp teeth.
Your natural rate of healing is unusually fast.
When hurt, damage is shared between your health and your magic reserves.
Your bite disrupts and absorbs the magic of your enemies.
Potions cannot restore your health.
You are immune to rotting.


Message History

You closely miss Edmund.
Edmund is severely wounded.
Edmund is no longer unusually agile.
Edmund barely misses you.
You hit Edmund but do no damage. Your bite misses Edmund.
Edmund is severely wounded.
Edmund misses you.
You hit Edmund. You bite Edmund, but do no damage.
Edmund is almost dead.
Edmund hits you with a dire flail of draining!
* * * LOW HITPOINT WARNING * * *
You feel drained.
* * * LOW HITPOINT WARNING * * *
Edmund hits you with a dire flail of draining.
* * * LOW HITPOINT WARNING * * *
You feel drained.
* * * LOW HITPOINT WARNING * * *
You hit Edmund but do no damage. You bite Edmund, but do no damage.
Edmund is severely wounded.
Edmund hits you with a dire flail of draining.
You die...

######.................#.
#...#####.#######...
...##...# #.# ##...
.........# #.# #....
###.##.#.# #.# ##... #
#.#.# #.# ##.. #.#%# #.#
##. #.#.# #.# ## #.#@#
#.# #(#@# #.# #.# ..# .!#
#.# #.#


You could see Edmund.

Vanquished Creatures
  The ghost of drazt1k the Insei, an amateur OpTm of Fedhas (D:4)
  An orc wizard (D:3)
  Natasha (twice) (D:4)
  7 adders
  3 oozes
  An adder skeleton (D:4)
  A worm (D:3)
  3 leopard geckos
  3 orcs (D:3)
  4 bats
  2 giant cockroaches (D:1)
  3 goblins
  4 hobgoblins
  17 jackals
  2 quokkas (D:2)
  A ball python (D:1)
  A frilled lizard (D:2)
  10 kobolds
  5 rats
71 creatures vanquished.

Notes
Turn   | Place    | Note
-------+----------+-------------------------------------------
     0 | D:1      | slep the Vine Stalker Gladiator began the quest for the Orb.
     0 | D:1      | Reached XP level 1. HP: 11/11 MP: 2/2
    81 | D:1      | Reached XP level 2. HP: 3/15 MP: 1/3
   209 | D:1      | Reached skill level 3 in Axes
   274 | D:1      | Reached XP level 3. HP: 6/18 MP: 4/4
   793 | D:2      | Found a glowing silver altar of Zin.
   823 | D:2      | Found a shattered altar of Ashenzari.
  1016 | D:2      | Found a hazy altar of Hepliaklqana.
  1061 | D:2      | Gained mutation: Your natural rate of healing is unusually fast. [Vine Stalker growth]
  1061 | D:2      | Reached XP level 4. HP: 5/23 MP: 3/5
  1120 | D:2      | Found a shimmering altar of Xom.
  1132 | D:2      | Reached skill level 1 in Armour
  1618 | D:3      | Reached XP level 5. HP: 18/27 MP: 3/6
  1968 | D:3      | Found an ornate altar of the Wu Jian Council.
  2196 | D:4      | Noticed drazt1k's ghost (amateur OpTm)
  2204 | D:4      | HP: 1/27 [drazt1k's ghost (2)]
  2210 | D:4      | Killed drazt1k's ghost
  2210 | D:4      | Reached skill level 4 in Axes
  2210 | D:4      | Reached XP level 6. HP: 2/32 MP: 5/7
  2267 | D:4      | Noticed Natasha
  2280 | D:4      | Killed Natasha
  2285 | D:4      | Noticed Natasha
  2300 | D:4      | Killed Natasha
  2379 | D:4      | Noticed Edmund
  2397 | D:4      | Slain by Edmund

Vault maps used:
D:1:      lordsloth_arrival_two_stooges, minmay_tromino_mix6
D:2:      ashenzari_conservatory_becter, lemuel_doored_altar,
          lemuel_round_altar, lemuel_round_altar, first_bread
D:3:      marbit_many_paths, minmay_surrounded
D:4:      serial_shops, kennysheep_little_box, minivault_14, uniq_edmund,
          uniq_natasha

Skill      XL: |  1  2  3  4  5 |
---------------+----------------+-----
Fighting       | 2 |  2.9
Axes           | 3 4 |  4.7
Armour         | 1 2 |  2.4
Dodging        | 3 |  3.5
Throwing       | |  1.8
Stealth        | |  0.8

Action                   |  1- 3 |  4- 6 || total
-------------------------+-------+-------++-------
Melee: War axe           |   117 |   127 ||   244
       Bite              |    21 |    29 ||    50
 Stab: Sleeping          |     1 |     1 ||     2
  Eat: Chunk             |     1 |     2 ||     3
Armor: Leather armour    |    55 |    43 ||    98
Dodge: Dodged            |   115 |   101 ||   216

Table legend:
 A = Spawn XP
 B = Non-spawn XP
 C = Spawn XP percentage of total XP
 D = Spawn monster count
 E = Non-spawn monster count
 F = Spawn count percentage of total count
 G = Total turns spent on level
                    A         B        C        D         E        F      G
               +---------+---------+-------+---------+---------+-------+---------
         Total |       0 |     581 |   0.0 |       0 |      71 |   0.0 |  2397
               +---------+---------+-------+---------+---------+-------+---------
           D:1 |       0 |      52 |   0.0 |       0 |      28 |   0.0 |   762
           D:2 |       0 |      81 |   0.0 |       0 |      22 |   0.0 |   849
           D:3 |       0 |     111 |   0.0 |       0 |      15 |   0.0 |   461
           D:4 |       0 |     337 |   0.0 |       0 |       6 |   0.0 |   325
               +---------+---------+-------+---------+---------+-------+---------
